 Dungeon Crawl Stone Soup version 0.27-a0-1149-g4505690ab0 (webtiles) character file.

Game seed: 9046489854185185542

550 Anon1729 the Skirmisher (level 7, 0/56 HPs)
             Began as a Formicid Berserker on May 13, 2021.
             Was an Initiate of Fedhas.
             Succumbed to a water moccasin's poison
             ... on level 7 of the Dungeon.
             The game lasted 00:07:55 (4592 turns).

Anon1729 the Skirmisher (Formicid Berserker)        Turns: 4592, Time: 00:07:55

Health: 0/56       AC:  7    Str: 26    XL:     7   Next: 54%
Magic:  8/8        EV: 12    Int:  7    God:    Fedhas [......]
Gold:   137        SH:  0    Dex: 10    Spells: 6/6 levels left

rFire    . . .     SeeInvis +   f - +0 great sword
rCold    + . .     Faith    .   (no shield)
rNeg     . . .     Spirit   .   m - +2 leather armour {rC+}
rPois    .         Reflect  .   (helmet unavailable)
rElec    .         Harm     .   (no cloak)
rCorr    .         Rampage  .   c - +1 pair of gloves {Str+3}
Will     .....                  (no boots)
Stlth    +.........             (no amulet)
HPRegen  0.18/turn              (no ring)
MPRegen  0.11/turn              (no ring)

@: mighty, lethally poisoned (0 -> -28)
A: permanent stasis, dig shafts and tunnels, antennae 3, four strong arms
a: Dig, Shaft Self, Renounce Religion


You were on level 7 of the Dungeon.
You worshipped Fedhas.
Fedhas was noncommittal.
You visited 2 branches of the dungeon, and saw 7 of its levels.

You collected 137 gold pieces.

Inventory:

Hand Weapons
 a - a +0 falchion
 f - a +0 great sword (weapon)
Armour
 b - a +0 animal skin
 c - a +1 pair of gloves of strength (worn)
 m - a +2 leather armour of cold resistance (worn)
Wands
 l - a wand of digging (6)
Scrolls
 e - a scroll of fog
 g - a scroll of fear
 h - a scroll of silence
 i - a scroll of magic mapping


   Skills:
 + Level 5.0 Fighting
 + Level 4.6 Long Blades
 + Level 4.3 Armour
 + Level 3.6 Dodging
 * Level 2.5 Invocations


You had 6 spell levels left.
You didn't know any spells.
Your spell library contained the following spells:

 Spells                   Type           Power      Damage    Failure   Level
 Magic Dart               Conj           0%         1d3       45%         1
 Call Imp                 Summ           0%         N/A       61%         2
 Slow                     Hex            0%         N/A       61%         2
 Conjure Flame            Conj/Fire      0%         6-21      83%         3
 Mephitic Cloud           Conj/Pois/Air  0%         N/A       83%         3
 Blink                    Tloc           Unusable   N/A       N/A         2

Dungeon Overview and Level Annotations

Branches:
Dungeon (7/15)             Temple (1/1) D:7

Altars:
Ashenzari
Cheibriados
Dithmenos
Fedhas
Hepliaklqana
Kikubaaqudgha
Makhleb
Nemelex Xobeh
Okawaru
Qazlal
Sif Muna
Trog
Uskayaw
Vehumet
Wu Jian
Yredelemnul
Zin


Innate Abilities, Weirdness & Mutations

You cannot be hasted, slowed, berserked, paralysed or teleported.
You can dig through walls and to a lower floor.
You have a pair of large antennae on your head. (SInv)
Your four strong arms can wield two-handed weapons with a shield.


Message History

Found 19 gold pieces.
Found 14 bolts.
A water moccasin and an orc warrior come into view.
The orc warrior shouts!
The water moccasin hisses angrily.
Found 13 stones.
A water moccasin comes into view.
The water moccasin hisses angrily.
There is an open door here.
The water moccasin bites you!
You aren't carrying any pieces of jewellery.
You barely miss the water moccasin. The water moccasin closely misses you.
You riposte.
You miss the water moccasin. The water moccasin bites you!
The water moccasin bites you.
You are poisoned.
The water moccasin poisons you!
You barely miss the water moccasin.
You feel very sick. The water moccasin bites you! The water moccasin bites you.
It was a potion of haste.
Your stasis prevents you from being hasted.
You feel sick. The water moccasin misses you.
You riposte.
You closely miss the water moccasin.
It was a potion of might.
You feel very mighty all of a sudden.
You feel sick. The water moccasin barely misses you.
You riposte.
You miss the water moccasin. You closely miss the water moccasin.
You feel very sick. The water moccasin barely misses you.
You riposte.
You slice the water moccasin!!
The water moccasin is severely wounded.
The water moccasin bites you.
* * * LOW HITPOINT WARNING * * *
You are lethally poisoned!
The water moccasin poisons you! The water moccasin bites you.
* * * LOW HITPOINT WARNING * * *
You are more poisoned.
The water moccasin poisons you!
You die...
Fedhas appreciates your contribution to the ecosystem.

.... ..#.# ###'###
.#.# #..o.?## '.#
##.....## #.# {
##.....## #.######
##...S.## #.......
##.....###.######
###+#######'####..#
.......@.SSo......#
###################


You could see an orc warrior and 2 water moccasins.

Vanquished Creatures
  A necrophage (D:6)
  An ogre (D:7)
  A centaur (D:7)
  2 howler monkeys (D:7)
  A centaur zombie (D:7)
  A bullfrog skeleton (D:7)
  A hound (D:6)
  2 centaur skeletons
  Ijyb (D:3)
  An adder (D:2)
  A dart slug (D:1)
  An orc (D:6)
  6 ball pythons (D:1)
  6 bats
  2 endoplasms (D:1)
  4 giant cockroaches
  4 goblins
  5 hobgoblins
  2 jackals (D:2)
  3 quokkas (D:1)
  A frilled lizard (D:1)
  3 kobolds
  A rat (D:1)
51 creatures vanquished.

Notes
Turn   | Place    | Note
-------+----------+-------------------------------------------
     0 | D:1      | Anon1729 the Formicid Berserker began the quest for the
                  | Orb.
     0 | D:1      | Reached XP level 1. HP: 18/18 MP: 1/1
     0 | D:1      | Fell from the grace of Trog
   315 | D:1      | Reached XP level 2. HP: 16/24 MP: 2/2
   892 | D:1      | Reached XP level 3. HP: 22/29 MP: 3/3
   979 | D:1      | Noticed a black bear
   979 | D:1      | Noticed a polar bear
   979 | D:1      | Noticed a black bear
   981 | D:1      | You fall into a shaft and drop 1 floor!
   981 | D:2      | Noticed a black bear
  1693 | D:2      | Noticed a polar bear
  1693 | D:2      | Noticed a black bear
  1693 | D:2      | Noticed a polar bear
  1693 | D:2      | Noticed a polar bear
  1695 | D:2      | You fall into a shaft and drop 2 floors!
  2087 | D:2      | Reached XP level 4. HP: 14/37 MP: 4/4
  2846 | D:3      | Found a blossoming altar of Fedhas.
  2847 | D:3      | Found an ancient bone altar of Kikubaaqudgha.
  2946 | D:3      | Became a worshipper of Fedhas Madash
  3011 | D:3      | Noticed Ijyb
  3031 | D:3      | Killed Ijyb
  3032 | D:3      | Reached skill level 4 in Fighting
  3270 | D:3      | Noticed a polar bear
  3272 | D:3      | You fall into a shaft and drop 3 floors!
  3282 | D:6      | Reached XP level 5. HP: 32/42 MP: 5/5
  3352 | D:6      | Noticed a necrophage
  3372 | D:6      | Killed a necrophage
  3373 | D:6      | Reached XP level 6. HP: 20/49 MP: 6/6
  3532 | D:6      | Noticed a black bear
  3532 | D:6      | Noticed a black bear
  3532 | D:6      | Noticed a black bear
  3534 | D:6      | You fall into a shaft and drop 1 floor!
  3534 | D:7      | Noticed an ogre
  3551 | D:7      | Killed an ogre
  3580 | D:7      | Reached skill level 1 in Invocations
  3580 | D:7      | Reached XP level 7. HP: 53/55 MP: 7/7
  3717 | D:7      | Found a staircase to the Ecumenical Temple.
  3723 | Temple   | Entered the Ecumenical Temple
  4147 | D:7      | Reached skill level 5 in Fighting
  4522 | D:7      | Identified a scroll of acquirement
  4523 | D:7      | Acquired a +1 pair of gloves of strength
  4577 | D:7      | Noticed a water moccasin
  4579 | D:7      | Noticed a water moccasin
  4592 | D:7      | Succumbed to a water moccasin's poison

Illustrated notes

Levels and vault maps discovered:
D:1:      erik_arrival_triangle_medium, layout_basic, grunt_decor_one_mirror
D:2:      layout_rooms, ebering_ecumenical_altar_box
D:3:      layout_basic, grunt_temple_overflow_growth_and_decay,
          palyth_stone_intersect, kennysheep_crisscross, minmay_misc_feat_x,
          ebering_dispersal_statue_hall, uniq_terence, uniq_ijyb, uniq_grinder
D:4:      layout_rooms, chequers_arboretum
D:6:      layout_basic, serial_shops, shop, hangedman_decor_opposing,
          minmay_misc_feat_ornament, uniq_duvessa
D:7:      layout_basic, minmay_temple_entry_enclosed_plants,
          supply_closet_lemuel, minmay_quadrilaterals
Temple:   regret_index_temple_waves

Skill      XL: |  1  2  3  4  5  6  7 |
---------------+----------------------+-----
Dodging        | 2 3 |  3.6
Fighting       | 4 5 |  5.0
Armour         | 3 4 |  4.3
Long Blades    | 4 |  4.6
Invocations    | 1 2 |  2.5

Action                   |  1- 3 |  4- 6 |  7- 9 || total
-------------------------+-------+-------+-------++-------
Melee: Falchion          |   105 |    26 |       ||   131
       Great sword       |       |    30 |    30 ||    60
Invok: Renounce Religion |     1 |       |       ||     1
 Abil: Dig               |     4 |     2 |     1 ||     7
       Shaft Self        |     2 |     2 |       ||     4
  Use: Potion            |     2 |       |     2 ||     4
       Scroll            |       |       |     8 ||     8
Armor: Animal skin       |    28 |     2 |       ||    30
       Skin              |     4 |       |       ||     4
       Leather armour    |       |    13 |    15 ||    28
Dodge: Dodged            |    90 |    37 |    30 ||   157
       Rpst.: Falchion   |    29 |     2 |       ||    31
       Great sword       |       |     6 |    10 ||    16

Table legend: (Time is in decaauts)
 A = Elapsed time spent in this place.
 B = Non-inter-level travel time spent in this place.
 C = Inter-level travel time spent in this place.
 D = Time resting spent in this place.
 E = Time spent auto-exploring this place.
 F = Levels seen in this place.
 G = Mean time per level.
                   A        B        C        D        E       F      G
               +--------+--------+--------+--------+--------+-----+--------+
         Total |   4644 |   4600 |     44 |   1852 |   1959 |   7 |  663.4 |
       Dungeon |   4514 |   4486 |     28 |   1852 |   1846 |   6 |  752.3 |
        Temple |    129 |    113 |     16 |      0 |    113 |   1 |  129.0 |
               +--------+--------+--------+--------+--------+-----+--------+

Top non-repeatable levels by time:
     D:1: 1627 daAuts
     D:7: 946 daAuts
     D:3: 832 daAuts
     D:2: 537 daAuts
     D:4: 299 daAuts
     D:6: 271 daAuts
  Temple: 129 daAuts
